 Dungeon Crawl Stone Soup version 0.27-a0-650-g8dd3ea4f36 (webtiles) character file.

Game seed: 2255210088090323518

4871 MalarOregon the Arsonist (level 10, -9/65 HPs)
             Began as a Halfling Fire Elementalist on Mar 15, 2021.
             Was a Follower of Makhleb.
             Mangled by a manticore (19 damage)
             ... on level 7 of the Dungeon on Mar 16, 2021.
             The game lasted 00:42:24 (17365 turns).

MalarOregon the Arsonist (HaFE)                    Turns: 17365, Time: 00:42:25

Health: -9/65      AC:  8    Str:  9    XL:     10   Next: 79%
Magic:  5/16       EV: 16    Int: 16    God:    Makhleb [*.....]
Gold:   154        SH:  0    Dex: 16    Spells: 4/17 levels left

rFire    + . .     SeeInvis .   q - +2 short sword (venom)
rCold    x . .     Faith    .   (shield restricted)
rNeg     . . .     Spirit   .   u - +3 leather armour
rPois    .         Reflect  .   l - +1 helmet
rElec    .         Harm     .   (no cloak)
rCorr    .         Rampage  .   (no gloves)
Will     .....                  (no boots)
Stlth    ++++......             e - amulet of regeneration
HPRegen  1.20/turn              i - ring of fire
MPRegen  0.15/turn              (no ring)

@: weak-willed
A: small, no large weapons, mutation resistance 1
a: Renounce Religion


You were on level 7 of the Dungeon.
You worshipped Makhleb.
Makhleb was aware of your devotion.
You visited 2 branches of the dungeon, and saw 8 of its levels.

You collected 310 gold pieces.
You spent 156 gold pieces at shops.

Inventory:

Hand Weapons
 a - a +1 dagger
   (You took it off a kobold on level 1 of the Dungeon)
 q - a +2 short sword of venom (weapon)
   (You bought it in a shop on level 7 of the Dungeon)
 v - a +0 rapier
   (You took it off Eustachio on level 6 of the Dungeon)
 w - a +0 falchion
   (You took it off a wight on level 6 of the Dungeon)
Missiles
 f - 45 poisoned darts
 t - 2 throwing nets {!f}
Armour
 l - a +1 helmet (worn)
   (You found it on level 1 of the Dungeon)
 u - a +3 leather armour (worn)
   (You found it on level 6 of the Dungeon)
Jewellery
 e - an amulet of regeneration (around neck)
   (You found it on level 7 of the Dungeon)
 i - a ring of fire (right hand)
   (You found it on level 7 of the Dungeon)
 k - an amulet of reflection
   (You found it on level 6 of the Dungeon)
Scrolls
 b - 7 scrolls of amnesia
 d - 6 scrolls of immolation {!r}
 h - 4 scrolls of magic mapping
 j - a scroll of fog {unknown}
 r - 2 scrolls of enchant armour
 x - a scroll of blinking {unknown}
Potions
 c - a potion of attraction {!q}
 g - 2 potions of curing {@q1}
 o - a potion of flight


   Skills:
 + Level 4.8 Fighting
 - Level 2.8(3.0) Short Blades
 - Level 0.7(1.6) Long Blades
 - Level 5.0 Dodging
 + Level 7.9 Stealth
 + Level 4.3 Spellcasting
 + Level 4.5 Conjurations
 - Level 1.0 Hexes
 - Level 9.0 Fire Magic
 - Level 1.0 Invocations


You had 4 spell levels left.
You knew the following spells:

 Your Spells              Type           Power      Damage    Failure   Level
a - Foxfire               Conj/Fire      100%       2x1d9     1%          1
b - Inner Flame           Hex/Fire       29%        N/A       9%          3
q - Sticky Flame          Conj/Fire      37%        2d6       14%         4
x - Fireball              Conj/Fire      18%        3d9       36%         5

Your spell library contained the following spells:

 Spells                   Type           Power      Damage    Failure   Level
 Conjure Flame            Conj/Fire      37%        6-21      4%          3


Dungeon Overview and Level Annotations

Branches:
Dungeon (7/15)             Temple (1/1) D:5

Altars:
Ashenzari
Cheibriados
Dithmenos
Elyvilon
Fedhas
Gozag
Hepliaklqana
Kikubaaqudgha
Makhleb
Nemelex Xobeh
Okawaru
Qazlal
Ru
Sif Muna
Trog
Uskayaw
Vehumet
Wu Jian
Xom
Yredelemnul
Zin
The Shining One

Shops:
D:7 (


Innate Abilities, Weirdness & Mutations

You are small and have problems with some larger weapons.
You are somewhat resistant to further mutation.


Message History

The manticore flicks its tail.
The volley of spikes misses you.
Training target 9.0 for Fire Magic reached!
Your Fire Magic skill increases to level 9!
You feel a surge of power!
You conjure some foxfire!
The worker ant waves its antennae.
The manticore flicks its tail.
The volley of spikes hits you!
The barbed spikes become lodged in your body.
You hit the shadow imp but do no damage.
The foxfire hits the shadow imp. x2
You feel a surge of power!
You conjure some foxfire!
Aim: a manticore (ally target, 0% to evade)
You feel a surge of power!
The sticky flame hits the manticore.
The manticore is covered in liquid flames!
The manticore burns!
The foxfire hits the manticore.
The foxfire hits the manticore but does no damage.
The manticore bites you but does no damage.
The manticore claws you! The manticore misses you.
You hit the manticore but do no damage.
The manticore is poisoned.
The manticore burns!
The manticore closely misses you.
The manticore claws you but does no damage.
The manticore completely misses you.
You feel a surge of power!
You conjure some foxfire!
The manticore burns!
The manticore bites you!
The manticore claws you but does no damage.
The manticore claws you.
* * * LOW HITPOINT WARNING * * *
You hit the manticore.
The manticore burns!
The foxfire hits the manticore but does no damage.
The foxfire hits the manticore.
The manticore misses you. The manticore barely misses you.
The manticore claws you!
* * * LOW HITPOINT WARNING * * *
You feel a surge of power!
You conjure some foxfire!
You carefully extract the barbed spikes from your body.
The manticore burns!
The manticore stops burning.
The shadow imp shouts, "Turn tail, thou feckless doghearted toady!"
The manticore bites you!
* * * LOW HITPOINT WARNING * * *
The manticore claws you but does no damage.
The manticore claws you.
* * * LOW HITPOINT WARNING * * *
Unknown command.
Okay, then.
You aren't carrying any items that you can evoke.
As you read the scroll labelled FAKEUBR IGREFIACO, it crumbles to dust.
Magic quickly surges around you.
It was a scroll of vulnerability.
The foxfire hits the manticore.
The foxfire hits the manticore!
The manticore bites you!!
You die...

#♣.♣.♣# ♣...........♣ #.#.
#.♣.♣.# ♣...........♣ #.#'
#♣.♣.♣# ♣♣♣♣♣♣.♣♣♣♣♣♣ #♣..
#.♣.♣.# ♣.♣ ♣♣. ##♣.♣#########.#
***** ♣.
♣♣.♣♣#........#**#,,,*♣♣)
#♣...♣#.♣.######..+,*,#♣.. #####
#.....#.♣.#B..'?..#,*,#...
#...####♣...♣#.♣@H5.######,*,#♣..
#......#♣♣.♣♣#.§.####,,,,,,,,*♣♣.
.......###.####### ############)
..............# #..........).
............### ##.....<.....
............# ###....###..
##########..# ##..## ###
.,##.##.,#..# #..# .#.,#..#.#..#
#..#


You could see a manticore (very poisoned, weak-willed), a worker ant
(weak-willed) and a shadow imp (weak-willed).

Vanquished Creatures
  A boulder beetle (D:7)
  A centaur warrior (D:7)
  A troll (D:7)
  2 wraiths (D:7)
  Eustachio (D:6)
  A vampire mosquito (D:7)
  A water moccasin (D:5)
  An orc warrior (D:7)
  A sky beast (D:5)
  2 black bears (D:6)
  4 ice beasts
  2 ogres
  3 centaurs
  A kobold brigand (D:7)
  2 bullfrogs
  A wyvern zombie (D:7)
  A scorpion (D:6)
  7 wights
  2 howler monkeys
  A bullfrog zombie (D:7)
  A bullfrog skeleton (D:6)
  A hound (D:4)
  4 orc priests
  3 jellies
  2 iguanas
  An orc wizard (D:4)
  4 worker ants
  A worker ant zombie (D:7)
  8 gnolls
  11 adders
  3 oozes
  An adder zombie (D:5)
  2 worms (D:2)
  2 dart slugs
  3 leopard geckos
  18 orcs
  A ball python (D:5)
  10 bats
  8 giant cockroaches
  4 goblins
  10 hobgoblins
  7 jackals
  9 kobolds
  6 quokkas
  5 frilled lizards
  A jackal skeleton (D:7)
  A jackal zombie (D:5)
  8 rats
171 creatures vanquished.

Vanquished Creatures (others)
  614 foxfires
614 creatures vanquished.

Grand Total: 785 creatures vanquished

Notes
Turn   | Place    | Note
-------+----------+-------------------------------------------
     0 | D:1      | MalarOregon the Halfling Fire Elementalist began the quest
                  | for the Orb.
     0 | D:1      | Reached XP level 1. HP: 11/11 MP: 3/3
   467 | D:1      | Reached XP level 2. HP: 17/17 MP: 2/4
   471 | D:1      | Reached skill level 1 in Conjurations
   532 | D:1      | Found a hide-covered altar of Uskayaw.
  1245 | D:1      | Reached XP level 3. HP: 3/22 MP: 0/5
  2688 | D:2      | Reached skill level 1 in Fighting
  2688 | D:2      | Reached XP level 4. HP: 28/28 MP: 3/6
  3790 | D:2      | Learned a level 3 spell: Inner Flame
  4088 | D:3      | Reached XP level 5. HP: 15/33 MP: 6/8
  5879 | D:3      | Learned a level 4 spell: Sticky Flame
  6214 | D:4      | Reached XP level 6. HP: 29/39 MP: 9/9
  6411 | D:4      | Noticed an ogre
  7041 | D:4      | Reached skill level 1 in Hexes
  7129 | D:4      | Reached skill level 4 in Fire Magic
  7353 | D:4      | Found a burning altar of Makhleb.
  7921 | D:5      | Entered Level 5 of the Dungeon
  8040 | D:5      | Found a staircase to the Ecumenical Temple.
  8051 | D:5      | Reached XP level 7. HP: 45/45 MP: 7/10
  8053 | Temple   | Entered the Ecumenical Temple
  8327 | D:4      | Became a worshipper of Makhleb the Destroyer
  9152 | D:5      | Found a basalt altar of Yredelemnul.
  9293 | D:5      | Found an opulent altar of Gozag.
 10914 | D:4      | Found a burning altar of Makhleb.
 11248 | D:5      | Found an opulent altar of Gozag.
 11563 | D:5      | Found a basalt altar of Yredelemnul.
 11612 | D:5      | Found a staircase to the Ecumenical Temple.
 12398 | D:5      | Reached skill level 5 in Stealth
 12398 | D:5      | Reached skill level 5 in Fire Magic
 12398 | D:5      | Reached XP level 8. HP: 32/52 MP: 12/12
 13115 | D:6      | Reached skill level 6 in Fire Magic
 13218 | D:6      | Learned a level 5 spell: Fireball
 13238 | D:6      | Noticed Eustachio
 13257 | D:6      | Killed Eustachio
 13388 | D:6      | Found an ancient bone altar of Kikubaaqudgha.
 13694 | D:6      | Reached skill level 7 in Fire Magic
 13702 | D:6      | Reached XP level 9. HP: 25/56 MP: 2/13
 14382 | D:6      | Reached skill level 8 in Fire Magic
 14699 | D:6      | Found a radiant altar of Vehumet.
 14699 | D:6      | Found an iron altar of Okawaru.
 14812 | D:7      | Reached skill level 1 in Short Blades
 15019 | D:7      | Reached skill level 1 in Invocations
 15532 | D:7      | Found the +5 scythe "Finisher" {speed, eviscerate}
 15873 | D:7      | Noticed a wolf spider
 15873 | D:7      | Noticed a boulder beetle
 15877 | D:7      | Noticed a centaur warrior
 16221 | D:7      | Reached * piety under Makhleb
 16237 | D:7      | Found Ita Edarph's Weapon Boutique.
 16243 | D:7      | Reached XP level 10. HP: 49/63 MP: 6/15
 16482 | D:7      | Bought a +2 short sword of venom for 156 gold pieces
 16635 | D:7      | Killed a centaur warrior
 17127 | D:7      | Noticed a boulder beetle
 17140 | D:7      | Reached skill level 5 in Dodging
 17143 | D:7      | Killed a boulder beetle
 17347 | D:7      | Noticed a manticore
 17357 | D:7      | Reached skill level 9 in Fire Magic
 17365 | D:7      | Mangled by a manticore

Illustrated notes

Levels and vault maps discovered:
D:1:      dpeg_arrival_lava_temple_mockup, layout_basic,
          minmay_misc_feat_hallway, solitary_fountain, minmay_hexomino_r4
D:2:      layout_loops_cross
D:3:      layout_basic, nrook_mini_vaults
D:4:      layout_loops_ring, makhleb_heckhound_becter
D:5:      layout_basic, kennysheep_mini_moat, nicolae_overflow_hidden_temple,
          minmay_temple_entry_arrows
D:6:      layout_basic, nicolae_overflow_crystal_walls,
          gammafunk_temple_overflow_wave, uniq_eustachio
D:7:      nzn_winding_woodlands_large [nzn_winding_woodlands_5x5_checkerboard,
          nzn_winding_woodlands_5x15_split_checker,
          nzn_winding_woodlands_5x5_open_star,
          nzn_winding_woodlands_center_triple_pond,
          nzn_winding_woodlands_15x15_killbox,
          nzn_winding_woodlands_center_lodge,
          nzn_winding_woodlands_5x5_closed_star,
          nzn_winding_woodlands_5x15_longhouse,
          nzn_winding_woodlands_5x5_default], layout_cave_pods, serial_shops,
          nicolae_shop_window_shopping, minmay_guarded_unrand_finisher
Temple:   nicolae_temple_elliptical

Skill      XL: |  1  2  3  4  5  6  7  8  9 10 |
---------------+-------------------------------+-----
Conjurations   | 1 2 3 4 |  4.5
Fighting       | 1 2 3 4 |  4.8
Spellcasting   | 2 3 4 |  4.3
Dodging        | 3 4 5 |  5.0
Stealth        | 3 4 5 6 7 |  7.9
Hexes          | 1 |  1.0
Fire Magic     | 4 5 7 8 9 |  9.0
Short Blades   | 2 |  2.8
Invocations    | 1 |  1.0
Long Blades    | |  0.7

Action                   |  1- 3 |  4- 6 |  7- 9 | 10-12 || total
-------------------------+-------+-------+-------+-------++-------
Melee: Unarmed           |    37 |       |       |       ||    37
       Dagger            |    42 |   186 |    83 |       ||   311
       Falchion          |       |       |    40 |    32 ||    72
       Short sword       |       |       |       |    53 ||    53
Throw: Dart              |       |    20 |   120 |       ||   140
 Cast: Foxfire           |    46 |    92 |   191 |    24 ||   353
       Sticky Flame      |       |       |       |     2 ||     2
  Use: Potion            |       |     3 |     1 |     2 ||     6
       Scroll            |       |       |    13 |     2 ||    15
 Stab: Sleeping          |     1 |    14 |     4 |     3 ||    22
Armor: Robe              |    13 |    38 |       |       ||    51
       Leather armour    |       |       |    64 |    21 ||    85
Dodge: Dodged            |   102 |   195 |   237 |    81 ||   615
Block: Other             |       |       |    20 |    25 ||    45
       Reflection        |       |       |     1 |       ||     1
       Rpst.: Falchion   |       |       |    25 |    16 ||    41

Table legend: (Time is in decaauts)
 A = Elapsed time spent in this place.
 B = Non-inter-level travel time spent in this place.
 C = Inter-level travel time spent in this place.
 D = Time resting spent in this place.
 E = Time spent auto-exploring this place.
 F = Levels seen in this place.
 G = Mean time per level.
                   A        B        C        D        E       F      G
               +--------+--------+--------+--------+--------+-----+--------+
         Total |  17415 |  16669 |    746 |   5856 |   7894 |   8 | 2176.9 |
       Dungeon |  17221 |  16520 |    701 |   5856 |   7756 |   7 | 2460.1 |
        Temple |    193 |    148 |     45 |      0 |    138 |   1 |  193.0 |
               +--------+--------+--------+--------+--------+-----+--------+

Top non-repeatable levels by time:
     D:4: 3535 daAuts
     D:5: 3188 daAuts
     D:7: 2584 daAuts
     D:1: 2085 daAuts
     D:2: 2084 daAuts
     D:6: 2000 daAuts
     D:3: 1742 daAuts
  Temple: 193 daAuts
